 Dungeon Crawl Stone Soup version 0.21-a0-216-g6d3fd91 (webtiles) character file.

3576 suicidejoker the Grappler (level 9, -2/85 HPs)
             Began as a Troll Transmuter on Aug 22, 2017.
             Was a Follower of Cheibriados.
             Slain by a two-headed ogre
             ... wielding a +0 dire flail
              (13 damage)
             ... on level 8 of the Dungeon on Aug 23, 2017.
             The game lasted 00:25:34 (6137 turns).

suicidejoker the Grappler (Troll Transmuter)        Turns: 6137, Time: 00:25:35

Health: -2/85      AC:  7    Str: 28    XL:     9   Next: 84%
Magic:  14/14      EV: 14    Int: 18    God:    Cheibriados [*.....]
Gold:   505        SH:  4    Dex: 16    Spells: 8/16 levels left

rFire    . . .     SeeInvis .     - Unarmed
rCold    . . .     Gourm    +   (no shield)
rNeg     + . .     Faith    .   b - +0 robe
rPois    .         Spirit   .   (helmet restricted)
rElec    .         Reflect  +   P - +0 cloak
rCorr    .         Harm     .   (gloves unavailable)
MR       .....                  (boots unavailable)
Stlth    +.........             e - +4 amulet of reflection
HPRegen  0.64/turn              y - +6 ring of intelligence
MPRegen  0.14/turn              J - ring of the Octopus King {rN+ AC+1 EV+1 Str+1 Int+1 Dex+1}

@: mighty, flying, very slow
A: unfitting armour, claws 3, fast metabolism 3, gourmand, regeneration 1,
shaggy fur 1, tough skin 2
a: Bend Time, Renounce Religion


You were on level 8 of the Dungeon.
You worshipped Cheibriados.
Cheibriados was aware of your devotion.
You were not hungry.

You visited 2 branches of the dungeon, and saw 9 of its levels.

You collected 505 gold pieces.

Inventory:

Hand Weapons
 h - a +0 dagger of holy wrath
 k - a cursed -2 scythe
 p - a +0 short sword of draining
 u - a cursed -2 trident
 A - a +5 hunting sling of flaming
 B - a cursed +0 short sword
 N - a cursed +3 mace
 Q - a cursed +2 scimitar
 T - a +4 halberd
 U - a +4 halberd
 V - a +3 dagger
 W - a +1 flail of crushing
 X - a cursed -2 shortbow
 Z - a cursed +4 hand axe of freezing
Missiles
 a - 206 arrows
 w - 3 throwing nets (quivered)
 z - 3 poisoned javelins
Armour
 b - a +0 robe (worn)
 P - a +0 cloak (worn)
Jewellery
 e - a +4 amulet of reflection (around neck)
 f - an uncursed ring of stealth
 x - an uncursed amulet of rage
 y - a +6 ring of intelligence (left claw)
 J - a ring of the Octopus King (right claw) {rN+ AC+1 EV+1 Str+1 Int+1 Dex+1}
   (You found it on level 8 of the Dungeon)

   [ring of positive energy]

   It affects your AC (+1).
   It affects your evasion (+1).
   It affects your strength (+1).
   It affects your intelligence (+1).
   It affects your dexterity (+1).
   It protects you from negative energy.
 K - an uncursed ring of magical power
 O - an uncursed amulet of magic regeneration
 Y - an uncursed amulet of harm
Wands
 C - a wand of confusion (17/48)
 R - a wand of polymorph (8/24)
 S - a wand of acid (0/15)
Scrolls
 i - 4 scrolls of remove curse
 j - 3 scrolls of magic mapping {unknown}
 l - 4 scrolls of enchant armour {unknown}
 n - 2 scrolls of fear {unknown}
 s - 5 scrolls of identify {unknown}
 t - 2 scrolls of fog {unknown}
 v - 3 scrolls of recharging {unknown}
 H - a scroll of teleportation
Potions
 m - 2 potions of magic
 r - 3 potions of flight
 E - a potion of might
 F - a potion of haste {unknown}
 G - 2 potions of degeneration {unknown}
 L - 2 potions of brilliance
 M - a potion of agility {unknown}
Books
 c - a book of Changes

   Spells                             Type                      Level
   a - Beastly Appendage              Transmutation                1
   b - Sticks to Snakes               Transmutation                2
   c - Spider Form                    Transmutation/Poison         3
   d - Ice Form                       Ice/Transmutation            4
   e - Blade Hands                    Transmutation                5
Comestibles
 d - 7 bread rations
 g - a royal jelly
 q - 3 meat rations
 I - 4 fruits


   Skills:
 + Level 4.6 Fighting
 + Level 4.9 Dodging
 * Level 8.7 Unarmed Combat
 + Level 4.0 Spellcasting
 + Level 4.5 Transmutations


You had 8 spell levels left.
You knew the following spells:

 Your Spells              Type           Power        Failure   Level  Hunger
a - Beastly Appendage     Tmut           ###...       2%          1    None
b - Spider Form           Tmut/Pois      ##........   17%         3    ###....
c - Ice Form              Ice/Tmut       ##......     50%         4    ####...


Dungeon Overview and Level Annotations

Branches:
Dungeon (8/15)             Temple (1/1) D:7
   Lair: D:8-11

Altars:
Ashenzari
Cheibriados
Dithmenos
Fedhas
Gozag
Hepliaklqana
Kikubaaqudgha
Makhleb
Nemelex Xobeh
Okawaru
Qazlal
Ru
Uskayaw
Vehumet
Wu Jian
Xom
Yredelemnul
The Shining One

Shops:
D:5 ?   D:7 }


Innate Abilities, Weirdness & Mutations

You are too large for most types of armour.
You have claws for hands.
Your metabolism is lightning-fast.
You like to eat raw meat.
Your natural rate of healing is unusually fast.
You are covered in fur. (AC +1)
You have very tough skin. (AC +2)


Message History

It was a potion of might.
You feel very mighty all of a sudden.
Evoke which item? (* to show all) (? for menu, Esc to quit)
Okay, then.
Evoke which item? (* to show all) (? for menu, Esc to quit)
Aiming: Confuse (will waste charges)
Press: ? - help, Shift-Dir - straight line, f/p - two-headed ogre
Aim: a two-headed ogre, wielding a dire flail and a giant spiked club (moderately wounded, chance to defeat MR: 28%)
The two-headed ogre appears confused.
Evoking this partially-identified wand wasted a few charges.
You claw the two-headed ogre!
The two-headed ogre is heavily wounded.
The two-headed ogre screams, "I'll kill you anyway!"
You see here a wolf corpse.
You claw the two-headed ogre!
The two-headed ogre is severely wounded.
The two-headed ogre hits you with a dire flail.
* * * LOW HITPOINT WARNING * * *
The two-headed ogre hits you with a giant spiked club!
You die...

#..# #..#####..####
#..# ##......##
#..######.....##
###..............######
.....####..............
.###.# #........#####
..##.# ###...##.#
#....# #...##.# ..####
######@######## .##
#O†)...... .#
########## .# .# .# .


You could see a two-headed ogre (confused).

Vanquished Creatures
  The ghost of WinterIsComing28 the Spear-Bearer, a novice MiFi of Okawaru (D:8)
  The ghost of Darkdiver the Slasher, an amateur DsCK of Xom (D:3)
  Sigmund (D:2)
  Grum (D:8)
  Menkaure (D:6)
  2 phantoms
  A necrophage (D:7)
  A sky beast (D:5)
  An ogre (D:6)
  3 wolves (D:8)
  4 centaurs
  2 bullfrogs (D:6)
  A scorpion (D:5)
  6 wights (D:6)
  A crimson imp (D:6)
  2 bullfrog skeletons
  A hound (D:6)
  2 jellies
  An orc priest (D:7)
  4 iguanas
  Terence (D:2)
  Natasha (thrice) (D:4)
  An orc wizard (D:5)
  6 worker ants
  A hound zombie (D:6)
  A hound skeleton (D:5)
  12 adders
  7 gnolls
  2 oozes
  An adder zombie (D:7)
  An adder skeleton (D:4)
  4 worms
  A dart slug (D:1)
  3 leopard geckos
  19 orcs
  3 ball pythons
  10 bats
  6 giant cockroaches
  5 goblins
  6 hobgoblins (D:3)
  8 jackals
  2 quokkas
  4 frilled lizards
  11 kobolds
  A leopard gecko skeleton (D:8)
  9 rats
165 creatures vanquished.

Notes
Turn   | Place    | Note
-------+----------+-------------------------------------------
     0 | D:1      | suicidejoker the Troll Transmuter began the quest for the Orb.
     0 | D:1      | Reached XP level 1. HP: 18/18 MP: 1/1
     0 | D:1      | Upgraded the game from 0.21-a0-210-gbfa5647 to 0.21-a0-215-g0631661
    77 | D:1      | Reached skill level 1 in Fighting
   148 | D:1      | Reached XP level 2. HP: 27/27 MP: 3/3
   924 | D:2      | Reached XP level 3. HP: 33/33 MP: 4/4
  1090 | D:2      | Noticed Terence
  1102 | D:2      | Killed Terence
  1118 | D:2      | Reached XP level 4. HP: 41/41 MP: 5/5
  1131 | D:2      | Noticed Sigmund
  1154 | D:2      | Killed Sigmund
  1154 | D:2      | Reached skill level 4 in Unarmed Combat
  1154 | D:2      | Reached XP level 5. HP: 49/49 MP: 5/7
  1160 | D:2      | Learned a level 3 spell: Spider Form
  1165 | D:2      | Learned a level 4 spell: Ice Form
  1902 | D:3      | Noticed Darkdiver's ghost (amateur DsCK)
  1929 | D:3      | Killed Darkdiver's ghost
  1929 | D:3      | Reached XP level 6. HP: 21/58 MP: 1/8
  2098 | D:3      | Reached skill level 5 in Unarmed Combat
  2134 | D:3      | Upgraded the game from 0.21-a0-215-g0631661 to 0.21-a0-216-g6d3fd91
  2265 | D:3      | Reached XP level 7. HP: 65/66 MP: 9/9
  3007 | D:4      | Noticed Natasha
  3017 | D:4      | Killed Natasha
  3061 | D:4      | Noticed Natasha
  3066 | D:4      | Killed Natasha
  3127 | D:4      | Noticed Natasha
  3133 | D:4      | Killed Natasha
  3542 | D:5      | Entered Level 5 of the Dungeon
  3786 | D:5      | Reached skill level 6 in Unarmed Combat
  3786 | D:5      | Reached XP level 8. HP: 33/75 MP: 10/11
  3865 | D:5      | Found Imum's Magic Scroll Shoppe.
  4512 | D:6      | Noticed Menkaure
  4519 | D:6      | Killed Menkaure
  4665 | D:6      | Reached skill level 7 in Unarmed Combat
  4788 | D:6      | Found a shadowy altar of Dithmenos.
  4893 | D:6      | Reached XP level 9. HP: 43/84 MP: 12/12
  5111 | D:7      | Found Yloinan's Gadget Shop.
  5261 | D:7      | Found a staircase to the Ecumenical Temple.
  5396 | Temple   | Entered the Ecumenical Temple
  5434 | Temple   | Became a worshipper of Cheibriados the Contemplative
  5905 | D:8      | Found the ring of the Octopus King
  5914 | D:8      | Got a ring of the Octopus King
  5933 | D:8      | Identified a ring of the Octopus King {rN+ AC+1 EV+1 Str+1 Int+1 Dex+1} (You found it on level 8 of the Dungeon)
  5982 | D:8      | Noticed WinterIsComing28's ghost (novice MiFi)
  6005 | D:8      | Killed WinterIsComing28's ghost
  6005 | D:8      | Reached skill level 8 in Unarmed Combat
  6108 | D:8      | Noticed Grum
  6116 | D:8      | Noticed a two-headed ogre
  6118 | D:8      | Killed Grum
  6118 | D:8      | Reached * piety under Cheibriados
  6123 | D:8      | HP: 3/85 [wolf[Grum] (4)]
  6137 | D:8      | Slain by a two-headed ogre

Vault maps used:
D:1:      minmay_arrival_radiant_lines, minmay_pentomino_z4
D:2:      first_bread, serial_bayou_lagoon_a, uniq_terence, uniq_sigmund
D:4:      hangedman_abyss_or_decor_stagger, uniq_natasha
D:5:      serial_shops, shop, hangedman_decor_clover_reticule, minivault_25
D:6:      nicolae_dithmenos_the_darkroom, minivault_22, uniq_menkaure
D:7:      minmay_temple_entry_statues_fountains, serial_shops, shop
D:8:      uniq_grum
Temple:   dpeg_three_leaves_temple

Skill      XL: |  1  2  3  4  5  6  7  8  9 |
---------------+----------------------------+-----
Fighting       | 1 2 3 4 |  4.6
Dodging        | 2 3 4 |  4.9
Unarmed Combat | 4 5 6 7 8 |  8.7
Spellcasting   | 2 3 4 |  4.0
Transmutations | 2 3 4 |  4.5

Action                   |  1- 3 |  4- 6 |  7- 9 || total
-------------------------+-------+-------+-------++-------
Melee: Unarmed           |    69 |   101 |   402 ||   572
       Dagger            |    18 |       |       ||    18
       Punch             |       |     1 |    13 ||    14
 Cast: Spider Form       |       |     2 |     1 ||     3
Evoke: Wand              |       |       |    13 ||    13
  Use: Potion            |       |     4 |     7 ||    11
       Scroll            |       |       |     6 ||     6
 Stab: Sleeping          |     1 |       |     5 ||     6
       Confused          |       |       |     1 ||     1
  Eat: Chunk             |     7 |     6 |    39 ||    52
       Meat ration       |       |     1 |       ||     1
Armor: Robe              |    43 |    18 |    73 ||   134
       Skin              |       |    13 |    11 ||    24
Dodge: Dodged            |    52 |    52 |   187 ||   291
Block: Other             |    14 |    14 |    60 ||    88
       Reflection        |       |     2 |     5 ||     7

Table legend:
 A = Spawn XP
 B = Non-spawn XP
 C = Spawn XP percentage of total XP
 D = Spawn monster count
 E = Non-spawn monster count
 F = Spawn count percentage of total count
 G = Total turns spent on level
                    A         B        C        D         E        F      G
               +---------+---------+-------+---------+---------+-------+---------
         Total |     166 |    4943 |   3.2 |      18 |     147 |  10.9 |  6137
               +---------+---------+-------+---------+---------+-------+---------
           D:1 |      10 |      25 |  28.6 |       4 |      18 |  18.2 |   880
           D:2 |      14 |     310 |   4.3 |       1 |      15 |   6.2 |   965
           D:3 |      50 |     386 |  11.5 |       7 |      30 |  18.9 |  1002
           D:4 |       0 |     412 |   0.0 |       0 |      14 |   0.0 |   695
           D:5 |       3 |     475 |   0.6 |       1 |      25 |   3.8 |   884
           D:6 |       0 |    1417 |   0.0 |       0 |      26 |   0.0 |   645
           D:7 |      84 |     221 |  27.5 |       3 |       7 |  30.0 |   743
           D:8 |       5 |    1697 |   0.3 |       2 |      12 |  14.3 |   274
               +---------+---------+-------+---------+---------+-------+---------
